 Dungeon Crawl Stone Soup version 0.18-a0-775-g4d9e04e (webtiles) character file.

297 tof the Cutter (level 6, -26/42 HPs)
             Began as a Halfling Warper on Dec 13, 2015.
             Was an Initiate of Okawaru.
             Annihilated by an ogre
             ... wielding a +0 giant club
              (28 damage)
             ... on level 4 of the Dungeon.
             The game lasted 00:29:50 (5200 turns).

tof the Cutter (Halfling Warper)                    Turns: 5200, Time: 00:29:51

Health: -26/42     AC:  4    Str: 11    XL:     6   Next: 62%
Magic:  6/8        EV: 16    Int: 12    God:    Okawaru [......]
Gold:   156        SH:  0    Dex: 16    Spells: 3 memorised, 2 levels left

rFire  . . .     SeeInvis .     a - +1 short sword
rCold  + . .     Clarity  .     b - +1 leather armour
rNeg   . . .     SustAt   .     (shield restricted)
rPois  .         Gourm    .     (no helmet)
rElec  .         Spirit   .     (no cloak)
rCorr  .         Dismiss  +     (no gloves)
rMut   .         Stasis   .     (no boots)
MR     .....                    r - amulet of dismissal
Stlth  ++........               (no ring)
                                m - ring of protection from cold

@: drained, not resistant to hostile enchantments, unstealthy
A: mutation resistance 1
a: Renounce Religion


You were on level 4 of the Dungeon.
You worshipped Okawaru.
Okawaru was noncommittal.
You were not hungry.

You visited 1 branch of the dungeon, and saw 4 of its levels.

You collected 156 gold pieces.

Inventory:

Hand Weapons
 a - a +1 short sword (weapon)
Missiles
 e - 2 tomahawks of dispersal (quivered)
Armour
 b - a +1 leather armour (worn)
Jewellery
 m - a ring of protection from cold (left hand)
 o - an uncursed amulet of rage
 r - an amulet of dismissal (around neck)
 t - an uncursed ring of ice
Scrolls
 g - a scroll of enchant armour
 i - 2 scrolls of amnesia
 j - 2 scrolls of remove curse
 l - 5 scrolls of identify
 n - 2 scrolls of teleportation
 s - a scroll of enchant weapon
Books
 c - a book of Spatial Translocations

   Spells                             Type                      Level
   a - Apportation                    Translocation                1
   b - Blink                          Translocation                2
   c - Shroud of Golubria             Charms/Translocation         2
   d - Portal Projectile              Translocation                3
   e - Teleport Other                 Translocation                3
   f - Passage of Golubria            Translocation                4
Comestibles
 f - 3 bread rations
 h - 2 slices of pizza
 k - 2 meat rations
 u - a beef jerky


   Skills:
 + Level 3.0(2.8) Fighting
 + Level 4.1(3.9) Short Blades
 + Level 1.1(0.9) Throwing
 + Level 2.9(2.7) Armour
 + Level 4.1(4.0) Dodging
 + Level 1.2(1.0) Stealth
 + Level 1.7(1.5) Spellcasting
 + Level 3.9(3.7) Translocations
 + Level 0.2(0.0) Evocations


You had 2 spell levels left.
You knew the following spells:

 Your Spells              Type           Power        Failure   Level  Hunger
a - Apportation           Tloc           ##........   10%         1    ##.....
b - Blink                 Tloc           N/A          14%         2    ###....
c - Teleport Other        Tloc           ##......     24%         3    ####...


Dungeon Overview and Level Annotations

Branches:
Dungeon (4/15)
 Temple: D:4-7

Altars:
Fedhas
Okawaru
The Shining One


Innate Abilities, Weirdness & Mutations

You are small and have problems with some larger weapons.
You are somewhat resistant to further mutation.


Message History

The ogre hits you with a giant club!
You hit the ogre.
The ogre is heavily wounded.
The ogre barely misses you.
You hit the ogre.
The ogre is severely wounded.
The ogre barely misses you.
You hit the ogre.
The ogre is severely wounded.
You hit the ogre.
The ogre is almost dead.
The ogre hits you with a giant club!!
Ouch! That really hurt!
* * * LOW HITPOINT WARNING * * *
Casting: Teleport Other
Confirm with . or Enter, or press ? or * to list all spells.
You blink.
The ogre misses you. The ogre hits you with a giant club!!
Ouch! That really hurt!
You die...

### #.# #################.#####
#..........ยง(OO.#.....#
#.############@##.###.# #.#
#########.##...#.#
###'####...........)..#.#########
............OO...###..#.........#
......##.#.......# #..#########.#
......##.#.#####.# #..#...# #...#
......##O#.# #.###..#.#.###.###
......##O#.#####.##..............
...............................>#


You could see 2 ogres.

Vanquished Creatures
  An ogre (D:4)
  Jessica (D:3)
  Ijyb (D:3)
  A worker ant (D:4)
  3 adders
  7 worms
  11 orcs
  A ball python (D:3)
  8 bats
  7 goblins
  12 hobgoblins
  2 quokkas
  5 giant cockroaches
  2 giant geckos
  2 giant newts (D:2)
  15 kobolds
  4 rats
83 creatures vanquished.

Notes
Turn   | Place    | Note
--------------------------------------------------------------
     0 | D:1      | tof the Halfling Warper began the quest for the Orb.
     0 | D:1      | Reached XP level 1. HP: 14/14 MP: 3/3
    39 | D:1      | Reached XP level 2. HP: 14/19 MP: 4/4
   150 | D:1      | Learned a level 2 spell: Blink
   793 | D:1      | Reached XP level 3. HP: 18/24 MP: 5/5
  1230 | D:2      | Found a glowing golden altar of the Shining One.
  1417 | D:2      | Found a blossoming altar of Fedhas.
  1559 | D:2      | Reached XP level 4. HP: 29/29 MP: 6/6
  2278 | D:3      | Noticed Ijyb
  2305 | D:3      | Killed Ijyb
  2509 | D:3      | Reached XP level 5. HP: 23/34 MP: 7/7
  2840 | D:3      | Learned a level 3 spell: Teleport Other
  2990 | D:3      | Found a glowing golden altar of the Shining One.
  3216 | D:3      | Noticed Jessica
  3221 | D:3      | Killed Jessica
  3224 | D:3      | Found an iron altar of Okawaru.
  3757 | D:3      | Became a worshipper of Warmaster Okawaru
  4229 | D:4      | Reached skill level 1 in Stealth
  4229 | D:4      | Reached XP level 6. HP: 7/41 MP: 8/8
  4872 | D:4      | Reached skill level 4 in Short Blades
  5198 | D:4      | HP: 2/42 [ogre/giant club (25)]
  5200 | D:4      | Annihilated by an ogre

Vault maps used:
D:1:      scummos_arrival_hexagon, minmay_misc_feat_chi
D:2:      lemuel_doored_altar, first_bread, nicolae_tso_carved_into_rock
D:3:      lemuel_coloured_pillars_altar, okawaru_ov_weapons_minmay,
          uniq_jessica, uniq_iyjb
D:4:      guppyfry_early_orc_mine, uniq_menkaure, uniq_pikel, uniq_robin

Action                   |  1- 3 |  4- 6 || total
-------------------------+-------+-------++-------
Melee: Short sword       |   173 |   265 ||   438
Throw: Tomahawk          |     1 |     6 ||     7
 Cast: Blink             |       |     3 ||     3
 Abil: Evoke Berserk Rag |     1 |     3 ||     4
  Use: Scroll            |     8 |     5 ||    13
       Potion            |     4 |     1 ||     5
 Stab: Sleeping          |     1 |       ||     1
  Eat: Chunk             |     3 |     3 ||     6
       Meat ration       |       |     2 ||     2
       Pizza             |       |     1 ||     1
